Stars vs Crunch

Created - Sunday, February 08, 2015 at 00:40

Goals
1 2 3 T
Stars 0 1 0 1
Crunch 2 1 1 4
Shots
1 2 3 T
Stars 11 2 8 21
Crunch 11 7 11 29

1st period

1. Crunch , Corban Knight 4 (Andre Petersson, Eriah Hayes) at 1:59
2. Crunch , Taylor Pyatt 30 (Ryan Strome) at 15:39

Penalties :
Steven Delisle (TEX) for Hooking (Minor) at 3:20, Matt Lindblad (SYR) for Holding (Minor) at 8:31

2nd period

3. Stars , Alexandre Grenier 9 (Spencer Machacek, Nicolas Blanchard) at 13:07
4. Crunch , Taylor Pyatt 31 (Ryan Strome, Jordin Tootoo) at 13:21

Penalties :
Phillip Danault (SYR) for Holding (Minor) at 15:54

3rd period

5. Crunch , Ryan Strome 24 (Jordin Tootoo) at 11:40

Penalties :
Wacey Hamilton (TEX) for Roughing (Minor) at 4:31, Karl Stollery (SYR) for Holding (Minor) at 13:57

Goalie Stats

Hannu Toivonen (TEX), 25 saves from 29 shots - (0.862), L, 6-21-3, 60:00 minutes
John Curry (SYR), 20 saves from 21 shots - (0.952), W, 18-13-6, 60:00 minutes

Players Stats for Stars

Player Name              G  A  P  +/- PIM S  H  SB GA TA FO     MP     PP MP  PK MP  
------------------------------------------------------------------------------------
Alexandre Grenier        1  0  1   0  0   3  0  1  0  0  6/9    23:53   2:59   2:42 
Austin Madaisky          0  0  0  -2  0   1  0  0  0  1  0/0    15:36   2:08   0:00 
Cameron Gaunce           0  0  0   0  0   0  1  1  2  3  0/0    25:49   0:00   3:01 
Carlo Colaiacovo         0  0  0  -3  0   5  1  1  2  4  0/0    23:00   3:49   2:03 
Carter Bancks            0  0  0  -2  0   0  0  0  0  0  1/3    18:19   0:00   2:53 
Jamie Oleksiak           0  0  0   1  0   5  0  0  0  4  0/0    28:48   3:49   1:56 
Joonas Rask              0  0  0   0  0   0  0  0  0  0  0/0     0:00   0:00   0:00 
Justin Shugg             0  0  0   0  0   1  1  0  0  0  1/2    23:02   3:28   1:16 
Matt Lowry               0  0  0  -3  0   0  1  0  1  1  6/10   18:27   0:54   0:00 
Matt Watkins             0  0  0  -2  0   1  2  0  1  0  0/0    20:02   2:35   0:00 
Michael Davies           0  0  0  -1  0   1  1  0  3  2  1/1    20:34   2:23   1:05 
Nicolas Blanchard        0  1  1   1  0   0  0  0  0  0  0/0     1:24   0:00   0:00 
Patrik Nemeth            0  0  0   1  0   0  0  0  0  0  0/0     1:19   0:00   0:00 
Spencer Machacek         0  1  1   0  0   2  2  0  6  0  5/7    22:23   2:59   0:00 
Steven Delisle           0  0  0  -3  2   1  2  1  0  2  0/0    25:42   2:08   0:56 
Vinny Saponari           0  0  0  -1  0   0  0  0  0  0  0/0     3:20   0:06   0:00 
Wacey Hamilton           0  0  0  -1  2   1  1  0  1  0  5/10   21:03   2:27   0:00 
Zac Dalpe                0  0  0   0  0   0  0  0  3  0  0/0     3:19   0:00   0:00 

Players Stats for Crunch

Player Name              G  A  P  +/- PIM S  H  SB GA TA FO     MP     PP MP  PK MP  
------------------------------------------------------------------------------------
Andre Petersson          0  1  1   1  0   1  2  0  2  1  0/2    15:46   1:59   0:00 
Anton Zlobin             0  0  0   0  0   2  2  0  0  0  0/0    10:19   0:00   0:00 
Brett Skinner            0  0  0   1  0   0  0  3  0  1  0/0    19:46   0:00   2:40 
Brodie Reid              0  0  0   0  0   0  0  0  0  0  0/0    10:07   0:00   0:00 
Chad Billins             0  0  0   1  0   0  0  4  1  2  0/0    20:45   1:58   3:17 
Corban Knight            1  0  1   1  0   4  2  0  2  1  3/9    16:28   1:59   0:02 
Danny Syvret             0  0  0   1  0   1  0  1  0  0  0/0    20:45   1:58   3:17 
Eriah Hayes              0  1  1   1  0   4  1  1  2  1  0/0    15:46   1:59   0:00 
Jordin Tootoo            0  2  2   2  0   0  0  0  3  0  0/1    16:20   1:59   0:00 
Karl Stollery            0  0  0   1  2   2  1  2  1  1  0/0    19:41   2:00   0:00 
Matt Lindblad            0  0  0   0  2   1  4  0  4  0  1/1    13:27   0:00   2:03 
Nick Jensen              0  0  0   1  0   0  1  1  0  1  0/0    19:46   0:00   2:40 
Phillip Danault          0  0  0   0  2   1  1  1  2  1  0/4    13:20   0:00   1:56 
Ryan Strome              1  2  3   2  0   3  0  0  6  0  5/11   16:20   1:59   0:00 
Stanislav Galiev         0  0  0   0  0   3  1  0  3  1  1/2    13:43   0:00   3:11 
Taylor Pyatt             2  0  2   2  0   5  2  2  2  1  1/3    18:29   1:59   1:31 
Travis Oleksuk           0  0  0   0  0   0  0  1  1  0  6/9    13:43   0:00   3:11 
Zach Trotman             0  0  0   1  0   2  0  3  0  1  0/0    19:29   2:00   0:00 

3 Stars

1 - Taylor Pyatt (SYR)
2 - Ryan Strome (SYR)
3 - John Curry (SYR)

Power Play

Stars - 0 on 3 Attempt(s) - 0.00%
Crunch - 0 on 2 Attempt(s) - 0.00%

Penalty Kill

Stars - 2 on 2 Attempt(s) - 100.00% - Score 0 goal in Penalty Kill
Crunch - 3 on 3 Attempt(s) - 100.00% - Score 0 goal in Penalty Kill

Team Stat

Stars - Hits : 12 - Faceoff Wins : 25 - Blocked Shots : 4 - Penalty Minutes : 4
Crunch - Hits : 17 - Faceoff Wins : 17 - Blocked Shots : 19 - Penalty Minutes : 6

Official

Referees : Unknown
Linesman : Unknown

Game Notes

14:26 of 1st period - Crunch goal is going for a video replay. After video review, No Goal. The attacking player has interfered with a goalkeeper in his goal crease.

Finance

Level 1 -- Attendance: 1384 (69.20%) -- Ticket Income $34,600
Level 2 -- Attendance: 682 (68.20%) -- Ticket Income $6,820
Total Attendance: 2066 (68.87%)
Total Ticket Income: $41,420
Other Income: $20,296
Total Income: $61,716

Stars

5 vs 5 Forward 
   Center                   Left Wing                Right Wing               Time % Phy DF OF 
 1 Alexandre Grenier        Justin Shugg             Spencer Machacek         35     1   2  2  
 2 Wacey Hamilton           Matt Watkins             Michael Davies           30     1   2  2  
 3 Matt Lowry               Carter Bancks            Alexandre Grenier        22     1   2  2  
 4 Spencer Machacek         Justin Shugg             Alexandre Grenier        13     1   2  2  

5 vs 5 Defense 
   Defense                  Defense                                           Time % Phy DF OF 
 1 Cameron Gaunce           Jamie Oleksiak                                    35     1   2  2  
 2 Steven Delisle           Carlo Colaiacovo                                  30     1   2  2  
 3 Jamie Oleksiak           Cameron Gaunce                                    22     1   2  2  
 4 Austin Madaisky          Steven Delisle                                    13     1   2  2  

PowerPlay Forward 
   Center                   Left Wing                Right Wing               Time % Phy DF OF 
 1 Spencer Machacek         Justin Shugg             Alexandre Grenier        60     1   2  2  
 2 Wacey Hamilton           Matt Watkins             Michael Davies           40     1   2  2  

PowerPlay Defense
   Defense                  Defense                                           Time % Phy DF OF 
 1 Jamie Oleksiak           Carlo Colaiacovo                                  60     1   2  2  
 2 Steven Delisle           Austin Madaisky                                   40     1   2  2  

Penalty Kill 4 Players Forward 
   Center                   Wing                     Time % Phy DF OF 
 1 Carter Bancks            Alexandre Grenier        60     1   2  2  
 2 Justin Shugg             Michael Davies           40     1   2  2  

Penalty Kill 4 Players Defense
   Defense                  Defense                  Time % Phy DF OF 
 1 Cameron Gaunce           Jamie Oleksiak           60     1   2  2  
 2 Steven Delisle           Carlo Colaiacovo         40     1   2  2  

Penalty Kill - 3 Players Forward 
   Forward                                           Time % Phy DF OF 
 1 Justin Shugg                                      60     1   2  2  
 2 Michael Davies                                    40     1   2  2  

Penalty Kill - 3 Players Defense
   Defense                  Defense                  Time % Phy DF OF 
 1 Cameron Gaunce           Carlo Colaiacovo         60     1   2  2  
 2 Steven Delisle           Jamie Oleksiak           40     1   2  2  

4 vs 4 Forward 
   Center                   Wing                     Time % Phy DF OF 
 1 Spencer Machacek         Alexandre Grenier        60     1   2  2  
 2 Justin Shugg             Michael Davies           40     1   2  2  

4 vs 4 Defense
   Defense                  Defense                  Time % Phy DF OF 
 1 Carlo Colaiacovo         Steven Delisle           60     1   2  2  
 2 Cameron Gaunce           Jamie Oleksiak           40     1   2  2  

Last Minutes Offensive
   Center                   Left Wing                Right Wing               Defense                  Defense                  
   Alexandre Grenier        Justin Shugg             Spencer Machacek         Jamie Oleksiak           Carlo Colaiacovo         

Last Minutes Defensive
   Center                   Left Wing                Right Wing               Defense                  Defense                  
   Alexandre Grenier        Justin Shugg             Spencer Machacek         Jamie Oleksiak           Carlo Colaiacovo         

Goaltenders
Starting : Hannu Toivonen           
Backup : Joey MacDonald           

Extra Forwards
Normal : Alexandre Grenier, Justin Shugg, Carter Bancks - PP : Alexandre Grenier, Justin Shugg - PK : Carter Bancks
Extra Defensemen
Normal : Carlo Colaiacovo, Steven Delisle, Cameron Gaunce - PP : Steven Delisle - PK : Steven Delisle, Carlo Colaiacovo
Penalty Shots
Carter Bancks, Spencer Machacek, Justin Shugg, Michael Davies, Alexandre Grenier

Crunch

5 vs 5 Forward 
   Center                   Left Wing                Right Wing               Time % Phy DF OF 
 1 Ryan Strome              Jordin Tootoo            Taylor Pyatt             35     1   2  2  
 2 Corban Knight            Andre Petersson          Eriah Hayes              35     1   2  2  
 3 Travis Oleksuk           Stanislav Galiev         Anton Zlobin             15     1   2  2  
 4 Phillip Danault          Matt Lindblad            Brodie Reid              15     1   2  2  

5 vs 5 Defense 
   Defense                  Defense                                           Time % Phy DF OF 
 1 Danny Syvret             Chad Billins                                      34     1   2  2  
 2 Zach Trotman             Karl Stollery                                     33     1   2  2  
 3 Nick Jensen              Brett Skinner                                     33     1   2  2  
 4 Danny Syvret             Chad Billins                                      0      0   5  0  

PowerPlay Forward 
   Center                   Left Wing                Right Wing               Time % Phy DF OF 
 1 Ryan Strome              Jordin Tootoo            Taylor Pyatt             60     0   1  4  
 2 Corban Knight            Andre Petersson          Eriah Hayes              40     0   2  3  

PowerPlay Defense
   Defense                  Defense                                           Time % Phy DF OF 
 1 Danny Syvret             Chad Billins                                      60     0   2  3  
 2 Zach Trotman             Karl Stollery                                     40     0   2  3  

Penalty Kill 4 Players Forward 
   Center                   Wing                     Time % Phy DF OF 
 1 Travis Oleksuk           Stanislav Galiev         50     1   4  0  
 2 Phillip Danault          Matt Lindblad            50     1   4  0  

Penalty Kill 4 Players Defense
   Defense                  Defense                  Time % Phy DF OF 
 1 Nick Jensen              Brett Skinner            50     1   4  0  
 2 Danny Syvret             Chad Billins             50     1   4  0  

Penalty Kill - 3 Players Forward 
   Forward                                           Time % Phy DF OF 
 1 Travis Oleksuk                                    50     1   4  0  
 2 Phillip Danault                                   50     1   4  0  

Penalty Kill - 3 Players Defense
   Defense                  Defense                  Time % Phy DF OF 
 1 Nick Jensen              Brett Skinner            50     1   4  0  
 2 Danny Syvret             Chad Billins             50     1   4  0  

4 vs 4 Forward 
   Center                   Wing                     Time % Phy DF OF 
 1 Ryan Strome              Taylor Pyatt             60     0   1  4  
 2 Corban Knight            Jordin Tootoo            40     1   2  2  

4 vs 4 Defense
   Defense                  Defense                  Time % Phy DF OF 
 1 Danny Syvret             Chad Billins             50     1   2  2  
 2 Zach Trotman             Karl Stollery            50     1   2  2  

Last Minutes Offensive
   Center                   Left Wing                Right Wing               Defense                  Defense                  
   Ryan Strome              Jordin Tootoo            Taylor Pyatt             Danny Syvret             Chad Billins             

Last Minutes Defensive
   Center                   Left Wing                Right Wing               Defense                  Defense                  
   Corban Knight            Andre Petersson          Taylor Pyatt             Danny Syvret             Chad Billins             

Goaltenders
Starting : John Curry               
Backup : Richard Bachman          

Extra Forwards
Normal : Taylor Pyatt, Ryan Strome, Jordin Tootoo - PP : Taylor Pyatt, Ryan Strome - PK : Taylor Pyatt
Extra Defensemen
Normal : Danny Syvret, Chad Billins, Karl Stollery - PP : Danny Syvret - PK : Danny Syvret, Chad Billins
Penalty Shots
Andre Petersson, Ryan Strome, Eriah Hayes, Jordin Tootoo, Taylor Pyatt

% Time on Ice - Stars

Lines # - Real PCT - Wanted PCT - Time Play
Normal Forward
1 - 33% - 35% - 16:32
2 - 33% - 30% - 16:38
3 - 28% - 22% - 13:49
4 - 6% - 13% - 3:06
Normal Defense
1 - 31% - 35% - 15:25
2 - 29% - 30% - 14:24
3 - 15% - 22% - 7:23
4 - 26% - 13% - 12:53
PP Forward
1 - 58% - 60% - 3:28
2 - 42% - 40% - 2:29
PP Defense
1 - 64% - 60% - 3:49
2 - 36% - 40% - 2:08
PK Forward
1 - 73% - 60% - 2:53
2 - 27% - 40% - 1:05
PK Defense
1 - 48% - 60% - 1:55
2 - 52% - 40% - 2:03
PK3 Forward
1 - 0% - 60%
2 - 0% - 40%
PK3 Defense
1 - 0% - 60%
2 - 0% - 40%
44 Forward
1 - 0% - 60%
2 - 0% - 40%
44 Defense
1 - 0% - 60%
2 - 0% - 40%
Last Minute Offensive  - 0:00
Last Minute Defensive  - 0:00
Total
Forward - 60:00
Defense - 60:00

% Time on Ice - Crunch

Lines # - Real PCT - Wanted PCT - Time Play
Normal Forward
1 - 29% - 35% - 14:34
2 - 30% - 35% - 15:05
3 - 21% - 15% - 10:19
4 - 20% - 15% - 10:07
Normal Defense
1 - 31% - 34% - 15:24
2 - 37% - 33% - 18:22
3 - 33% - 33% - 16:19
4 - 0% - 0% - 0:00
PP Forward
1 - 50% - 60% - 1:59
2 - 50% - 40% - 1:59
PP Defense
1 - 50% - 60% - 1:58
2 - 50% - 40% - 2:00
PK Forward
1 - 54% - 50% - 3:11
2 - 46% - 50% - 2:46
PK Defense
1 - 45% - 50% - 2:40
2 - 55% - 50% - 3:17
PK3 Forward
1 - 0% - 50%
2 - 0% - 50%
PK3 Defense
1 - 0% - 50%
2 - 0% - 50%
44 Forward
1 - 0% - 60%
2 - 0% - 40%
44 Defense
1 - 0% - 50%
2 - 0% - 50%
Last Minute Offensive  - 0:00
Last Minute Defensive  - 0:00
Total
Forward - 60:00
Defense - 60:00

Play by Play

1st period


0:01 of 1st period - Alexandre Grenier wins face-off versus Ryan Strome in neutral zone.
0:11 of 1st period - Slapshot by Jamie Oleksiak.
0:11 of 1st period - Stopped by John Curry with a rebound.
0:13 of 1st period - Wrist shot by Jamie Oleksiak.
0:13 of 1st period - Shot Blocked by Taylor Pyatt.
0:15 of 1st period - Wrist shot by Spencer Machacek.
0:15 of 1st period - Shot Misses the Net.
0:17 of 1st period - Slapshot by Spencer Machacek.
0:17 of 1st period - Shot Blocked by Chad Billins.
0:19 of 1st period - Slapshot by Justin Shugg.
0:19 of 1st period - Stopped by John Curry without a rebound.
0:20 of 1st period - Ryan Strome wins face-off versus Alexandre Grenier in Crunch zone.
0:25 of 1st period - Jamie Oleksiak is hit by Taylor Pyatt and loses puck.
0:40 of 1st period - Wrist shot by Ryan Strome.
0:40 of 1st period - Shot Misses the Net.
1:38 of 1st period - Andre Petersson is hit by Steven Delisle and loses puck.
1:53 of 1st period - Wrist shot by Eriah Hayes.
1:53 of 1st period - Shot Blocked by Alexandre Grenier.
1:55 of 1st period - Slapshot by Eriah Hayes.
1:55 of 1st period - Shot Misses the Net.
1:57 of 1st period - Snap shot by Andre Petersson.
1:57 of 1st period - Shot Misses the Net.
1:59 of 1st period - Wrist shot by Corban Knight.
1:59 of 1st period - Deflect By Alexandre Grenier.
1:59 of 1st period - Goal by Corban Knight - Stars : 0 - Crunch : 1.
2:00 of 1st period - Spencer Machacek wins face-off versus Stanislav Galiev in neutral zone.
2:23 of 1st period - Snap shot by Travis Oleksuk.
2:23 of 1st period - Shot Misses the Net.
2:57 of 1st period - Snap shot by Andre Petersson.
2:57 of 1st period - Deflect By Eriah Hayes.
2:57 of 1st period - Shot Misses the Net.
2:57 of 1st period - Puck is out of play.
2:58 of 1st period - Corban Knight wins face-off versus Wacey Hamilton in Stars zone.
2:59 of 1st period - Wrist shot by Eriah Hayes.
2:59 of 1st period - Shot Misses the Net.
3:01 of 1st period - Wrist shot by Eriah Hayes.
3:01 of 1st period - Stopped by Hannu Toivonen with a rebound.
3:11 of 1st period - Wrist shot by Eriah Hayes.
3:11 of 1st period - Shot Misses the Net.
3:13 of 1st period - Slapshot by Zach Trotman.
3:13 of 1st period - Stopped by Hannu Toivonen with a rebound.
3:20 of 1st period - Minor Penalty to Steven Delisle for Hooking.
3:21 of 1st period - Taylor Pyatt wins face-off versus Carter Bancks in Stars zone.
4:12 of 1st period - Off-side.
4:13 of 1st period - Corban Knight wins face-off versus Justin Shugg in neutral zone.
4:38 of 1st period - Slapshot by Carlo Colaiacovo.
4:38 of 1st period - Shot Blocked by Karl Stollery.
5:08 of 1st period - Carter Bancks is hit by Taylor Pyatt and loses puck.
5:20 of 1st period - Penalty to Steven Delisle is over, Steven Delisle is back on ice.
5:57 of 1st period - Slapshot by Michael Davies.
5:57 of 1st period - Shot Blocked by Chad Billins.
5:59 of 1st period - Wrist shot by Michael Davies.
5:59 of 1st period - Shot Misses the Net.
6:01 of 1st period - Snap shot by Wacey Hamilton.
6:01 of 1st period - Shot Misses the Net.
6:03 of 1st period - Slapshot by Steven Delisle.
6:03 of 1st period - Shot Blocked by Chad Billins.
6:36 of 1st period - Jamie Oleksiak is hit by Anton Zlobin and loses puck.
6:41 of 1st period - Snap shot by Anton Zlobin.
6:41 of 1st period - Stopped by Hannu Toivonen with a rebound.
8:31 of 1st period - Minor Penalty to Matt Lindblad for Holding.
8:32 of 1st period - Spencer Machacek wins face-off versus Travis Oleksuk in Crunch zone.
8:37 of 1st period - Slapshot by Carlo Colaiacovo.
8:37 of 1st period - Shot Misses the Net.
8:43 of 1st period - Snap shot by Alexandre Grenier.
8:43 of 1st period - Stopped by John Curry without a rebound.
8:44 of 1st period - Spencer Machacek wins face-off versus Travis Oleksuk in Crunch zone.
9:09 of 1st period - Chad Billins is hit by Spencer Machacek and loses puck.
9:24 of 1st period - Slapshot by Carlo Colaiacovo.
9:24 of 1st period - Stopped by John Curry with a rebound.
9:26 of 1st period - Snap shot by Matt Watkins.
9:26 of 1st period - Stopped by John Curry without a rebound.
9:27 of 1st period - Michael Davies wins face-off versus Phillip Danault in Crunch zone.
9:32 of 1st period - Slapshot by Carlo Colaiacovo.
9:32 of 1st period - Stopped by John Curry with a rebound.
9:47 of 1st period - Icing by Spencer Machacek.
9:48 of 1st period - Travis Oleksuk wins face-off versus Spencer Machacek in Stars zone.
10:31 of 1st period - Penalty to Matt Lindblad is over, Matt Lindblad is back on ice.
11:00 of 1st period - Cameron Gaunce is hit by Matt Lindblad and loses puck.
11:24 of 1st period - Snap shot by Andre Petersson.
11:24 of 1st period - Stopped by Hannu Toivonen without a rebound.
11:25 of 1st period - Matt Lowry wins face-off versus Corban Knight in Stars zone.
12:37 of 1st period - Cameron Gaunce is hit by Anton Zlobin and loses puck.
12:56 of 1st period - Wrist shot by Spencer Machacek.
12:56 of 1st period - Stopped by John Curry with a rebound.
12:58 of 1st period - Slapshot by Jamie Oleksiak.
12:58 of 1st period - Stopped by John Curry with a rebound.
13:04 of 1st period - Snap shot by Spencer Machacek.
13:04 of 1st period - Shot Misses the Net.
13:24 of 1st period - Steven Delisle is hit by Matt Lindblad.
13:42 of 1st period - Steven Delisle is hit by Phillip Danault and loses puck.
14:24 of 1st period - Slapshot by Taylor Pyatt.
14:24 of 1st period - Shot Misses the Net.
14:26 of 1st period - Wrist shot by Taylor Pyatt.
14:26 of 1st period - Crunch goal is going for a video replay.
14:26 of 1st period - The goal is refused. The attacking player has interfered with a goalkeeper in his goal crease..
14:27 of 1st period - Corban Knight wins face-off versus Matt Lowry in Stars zone.
14:48 of 1st period - Slapshot by Corban Knight.
14:48 of 1st period - Stopped by Hannu Toivonen with a rebound.
15:02 of 1st period - Wrist shot by Eriah Hayes.
15:02 of 1st period - Shot Misses the Net.
15:39 of 1st period - Snap shot by Taylor Pyatt.
15:39 of 1st period - Goal by Taylor Pyatt - Stars : 0 - Crunch : 2.
15:40 of 1st period - Matt Lindblad wins face-off versus Alexandre Grenier in neutral zone.
15:50 of 1st period - Wrist shot by Matt Lindblad.
15:50 of 1st period - Shot Misses the Net.
15:52 of 1st period - Snap shot by Karl Stollery.
15:52 of 1st period - Shot Blocked by Cameron Gaunce.
15:54 of 1st period - Slapshot by Karl Stollery.
15:54 of 1st period - Deflect By Matt Lindblad.
15:54 of 1st period - Stopped by Hannu Toivonen with a rebound.
15:56 of 1st period - Wrist shot by Phillip Danault.
15:56 of 1st period - Stopped by Hannu Toivonen with a rebound.
15:58 of 1st period - Slapshot by Karl Stollery.
15:58 of 1st period - Shot Misses the Net.
17:20 of 1st period - Jamie Oleksiak is hit by Andre Petersson and loses puck.
17:29 of 1st period - Wrist shot by Eriah Hayes.
17:29 of 1st period - Stopped by Hannu Toivonen with a rebound.
17:31 of 1st period - Slapshot by Nick Jensen.
17:31 of 1st period - Shot Misses the Net.
17:50 of 1st period - Brett Skinner is hit by Matt Watkins and loses puck.
18:03 of 1st period - Slapshot by Carlo Colaiacovo.
18:03 of 1st period - Stopped by John Curry with a rebound.
18:13 of 1st period - Carlo Colaiacovo is hit by Stanislav Galiev and loses puck.
18:24 of 1st period - Snap shot by Michael Davies.
18:24 of 1st period - Stopped by John Curry with a rebound.
18:26 of 1st period - Slapshot by Steven Delisle.
18:26 of 1st period - Stopped by John Curry with a rebound.
19:10 of 1st period - Matt Watkins is hit by Matt Lindblad and loses puck.
19:27 of 1st period - Wrist shot by Vinny Saponari.
19:27 of 1st period - Shot Blocked by Zach Trotman.
Goals for this period are 0 for Stars vs 2 for Crunch.
Shots for this period are 11 for Stars vs 11 for Crunch.

2nd period


0:01 of 2nd period - Alexandre Grenier wins face-off versus Taylor Pyatt in neutral zone.
0:20 of 2nd period - Snap shot by Spencer Machacek.
0:20 of 2nd period - Shot Misses the Net.
0:22 of 2nd period - Slapshot by Jamie Oleksiak.
0:22 of 2nd period - Deflect By Ryan Strome.
0:22 of 2nd period - Stopped by John Curry with a rebound.
0:24 of 2nd period - Wrist shot by Spencer Machacek.
0:24 of 2nd period - Shot Blocked by Brett Skinner.
0:50 of 2nd period - Jamie Oleksiak is hit by Corban Knight and loses puck.
1:17 of 2nd period - Matt Watkins is hit by Eriah Hayes and loses puck.
1:49 of 2nd period - Chad Billins is hit by Steven Delisle and loses puck.
3:03 of 2nd period - Off-side.
3:04 of 2nd period - Wacey Hamilton wins face-off versus Ryan Strome in neutral zone.
3:13 of 2nd period - Jordin Tootoo is hit by Spencer Machacek and loses puck.
3:32 of 2nd period - Icing by Karl Stollery.
3:33 of 2nd period - Spencer Machacek wins face-off versus Ryan Strome in Crunch zone.
3:50 of 2nd period - Snap shot by Michael Davies.
3:50 of 2nd period - Shot Blocked by Taylor Pyatt.
3:52 of 2nd period - Slapshot by Carlo Colaiacovo.
3:52 of 2nd period - Shot Misses the Net.
4:27 of 2nd period - Wrist shot by Andre Petersson.
4:27 of 2nd period - Shot Misses the Net.
4:29 of 2nd period - Slapshot by Danny Syvret.
4:29 of 2nd period - Stopped by Hannu Toivonen without a rebound.
4:30 of 2nd period - Alexandre Grenier wins face-off versus Corban Knight in Stars zone.
5:30 of 2nd period - Snap shot by Stanislav Galiev.
5:30 of 2nd period - Stopped by Hannu Toivonen without a rebound.
5:31 of 2nd period - Stanislav Galiev wins face-off versus Matt Lowry in Stars zone.
5:50 of 2nd period - Snap shot by Stanislav Galiev.
5:50 of 2nd period - Shot Misses the Net.
6:57 of 2nd period - Slapshot by Eriah Hayes.
6:57 of 2nd period - Stopped by Hannu Toivonen with a rebound.
9:26 of 2nd period - Michael Davies is hit by Andre Petersson and loses puck.
9:38 of 2nd period - Danny Syvret is hit by Carlo Colaiacovo and loses puck.
10:43 of 2nd period - Snap shot by Anton Zlobin.
10:43 of 2nd period - Stopped by Hannu Toivonen without a rebound.
10:44 of 2nd period - Alexandre Grenier wins face-off versus Corban Knight in Stars zone.
10:51 of 2nd period - Wrist shot by Spencer Machacek.
10:51 of 2nd period - Shot Blocked by Zach Trotman.
11:03 of 2nd period - Wrist shot by Eriah Hayes.
11:03 of 2nd period - Stopped by Hannu Toivonen with a rebound.
12:01 of 2nd period - Zach Trotman is hit by Matt Lowry and loses puck.
12:18 of 2nd period - Snap shot by Matt Watkins.
12:18 of 2nd period - Shot Blocked by Karl Stollery.
12:56 of 2nd period - Nicolas Blanchard is hit by Karl Stollery and loses puck.
13:07 of 2nd period - Wrist shot by Alexandre Grenier.
13:07 of 2nd period - Goal by Alexandre Grenier - Stars : 1 - Crunch : 2.
13:08 of 2nd period - Wacey Hamilton wins face-off versus Ryan Strome in neutral zone.
13:21 of 2nd period - Snap shot by Taylor Pyatt.
13:21 of 2nd period - Goal by Taylor Pyatt - Stars : 1 - Crunch : 3.
13:22 of 2nd period - Ryan Strome wins face-off versus Alexandre Grenier in neutral zone.
14:52 of 2nd period - Chad Billins is hit by Michael Davies and loses puck.
15:14 of 2nd period - Off-side.
15:15 of 2nd period - Matt Lowry wins face-off versus Ryan Strome in neutral zone.
15:20 of 2nd period - Icing by Chad Billins.
15:21 of 2nd period - Matt Lowry wins face-off versus Jordin Tootoo in Crunch zone.
15:54 of 2nd period - Minor Penalty to Phillip Danault for Holding.
15:55 of 2nd period - Wacey Hamilton wins face-off versus Taylor Pyatt in Crunch zone.
16:05 of 2nd period - Snap shot by Michael Davies.
16:05 of 2nd period - Shot Misses the Net.
16:09 of 2nd period - Slapshot by Carlo Colaiacovo.
16:09 of 2nd period - Shot Misses the Net.
16:11 of 2nd period - Backhand shot by Michael Davies.
16:11 of 2nd period - Shot Blocked by Nick Jensen.
16:13 of 2nd period - Backhand shot by Michael Davies.
16:13 of 2nd period - Shot Blocked by Brett Skinner.
16:51 of 2nd period - Slapshot by Carlo Colaiacovo.
16:51 of 2nd period - Deflect By Michael Davies.
16:51 of 2nd period - Shot Blocked by Travis Oleksuk.
16:51 of 2nd period - Puck is out of play.
16:52 of 2nd period - Travis Oleksuk wins face-off versus Wacey Hamilton in Crunch zone.
17:54 of 2nd period - Penalty to Phillip Danault is over, Phillip Danault is back on ice.
19:14 of 2nd period - Snap shot by Eriah Hayes.
19:14 of 2nd period - Shot Misses the Net.
19:20 of 2nd period - Snap shot by Corban Knight.
19:20 of 2nd period - Stopped by Hannu Toivonen with a rebound.
Goals for this period are 1 for Stars vs 1 for Crunch.
Shots for this period are 2 for Stars vs 7 for Crunch.

3rd period


0:01 of 3rd period - Ryan Strome wins face-off versus Spencer Machacek in neutral zone.
0:44 of 3rd period - Icing by Jamie Oleksiak.
0:45 of 3rd period - Justin Shugg wins face-off versus Andre Petersson in Stars zone.
1:06 of 3rd period - Andre Petersson is hit by Cameron Gaunce and loses puck.
1:17 of 3rd period - Wrist shot by Michael Davies.
1:17 of 3rd period - Shot Blocked by Eriah Hayes.
1:19 of 3rd period - Slapshot by Carlo Colaiacovo.
1:19 of 3rd period - Stopped by John Curry with a rebound.
1:21 of 3rd period - Wrist shot by Wacey Hamilton.
1:21 of 3rd period - Deflect By Andre Petersson.
1:21 of 3rd period - Stopped by John Curry without a rebound.
1:22 of 3rd period - Matt Lowry wins face-off versus Phillip Danault in Crunch zone.
2:36 of 3rd period - Wrist shot by Ryan Strome.
2:36 of 3rd period - Deflect By Jordin Tootoo.
2:36 of 3rd period - Shot Blocked by Steven Delisle.
2:36 of 3rd period - Puck is out of play.
2:37 of 3rd period - Alexandre Grenier wins face-off versus Andre Petersson in Stars zone.
2:59 of 3rd period - Slapshot by Jamie Oleksiak.
2:59 of 3rd period - Shot Misses the Net.
3:01 of 3rd period - Slapshot by Cameron Gaunce.
3:01 of 3rd period - Shot Misses the Net.
3:03 of 3rd period - Slapshot by Jamie Oleksiak.
3:03 of 3rd period - Stopped by John Curry without a rebound.
3:04 of 3rd period - Travis Oleksuk wins face-off versus Matt Lowry in Crunch zone.
3:11 of 3rd period - Backhand shot by Stanislav Galiev.
3:11 of 3rd period - Stopped by Hannu Toivonen with a rebound.
3:19 of 3rd period - Slapshot by Stanislav Galiev.
3:19 of 3rd period - Stopped by Hannu Toivonen with a rebound.
3:44 of 3rd period - Icing by Anton Zlobin.
3:45 of 3rd period - Travis Oleksuk wins face-off versus Wacey Hamilton in Crunch zone.
4:31 of 3rd period - Minor Penalty to Wacey Hamilton for Roughing.
4:32 of 3rd period - Carter Bancks wins face-off versus Corban Knight in Stars zone.
5:26 of 3rd period - Snap shot by Jordin Tootoo.
5:26 of 3rd period - Shot Misses the Net.
5:28 of 3rd period - Wrist shot by Karl Stollery.
5:28 of 3rd period - Stopped by Hannu Toivonen with a rebound.
5:30 of 3rd period - Slapshot by Karl Stollery.
5:30 of 3rd period - Stopped by Hannu Toivonen with a rebound.
5:32 of 3rd period - Snap shot by Taylor Pyatt.
5:32 of 3rd period - Stopped by Hannu Toivonen with a rebound.
5:34 of 3rd period - Slapshot by Zach Trotman.
5:34 of 3rd period - Stopped by Hannu Toivonen without a rebound.
5:35 of 3rd period - Ryan Strome wins face-off versus Carter Bancks in Stars zone.
6:10 of 3rd period - Snap shot by Corban Knight.
6:10 of 3rd period - Stopped by Hannu Toivonen with a rebound.
6:31 of 3rd period - Penalty to Wacey Hamilton is over, Wacey Hamilton is back on ice.
6:44 of 3rd period - Chad Billins is hit by Wacey Hamilton and loses puck.
6:57 of 3rd period - Wacey Hamilton is hit by Matt Lindblad and loses puck.
8:29 of 3rd period - Wrist shot by Spencer Machacek.
8:29 of 3rd period - Shot Blocked by Zach Trotman.
9:19 of 3rd period - Jordin Tootoo is hit by Justin Shugg and loses puck.
9:32 of 3rd period - Wrist shot by Taylor Pyatt.
9:32 of 3rd period - Stopped by Hannu Toivonen with a rebound.
10:55 of 3rd period - Slapshot by Carlo Colaiacovo.
10:55 of 3rd period - Shot Misses the Net.
11:16 of 3rd period - Snap shot by Michael Davies.
11:16 of 3rd period - Shot Blocked by Brett Skinner.
11:40 of 3rd period - Snap shot by Ryan Strome.
11:40 of 3rd period - Goal by Ryan Strome - Stars : 1 - Crunch : 4.
11:41 of 3rd period - Matt Lowry wins face-off versus Corban Knight in neutral zone.
12:27 of 3rd period - Off-side.
12:28 of 3rd period - Alexandre Grenier wins face-off versus Ryan Strome in neutral zone.
13:57 of 3rd period - Minor Penalty to Karl Stollery for Holding.
13:58 of 3rd period - Wacey Hamilton wins face-off versus Phillip Danault in Crunch zone.
13:58 of 3rd period - Wrist shot by Carlo Colaiacovo.
13:58 of 3rd period - Stopped by John Curry with a rebound.
14:00 of 3rd period - Slapshot by Jamie Oleksiak.
14:00 of 3rd period - Stopped by John Curry with a rebound.
14:02 of 3rd period - Wrist shot by Justin Shugg.
14:02 of 3rd period - Shot Blocked by Phillip Danault.
14:04 of 3rd period - Wrist shot by Alexandre Grenier.
14:04 of 3rd period - Stopped by John Curry with a rebound.
14:06 of 3rd period - Slapshot by Carlo Colaiacovo.
14:06 of 3rd period - Shot Misses the Net.
14:15 of 3rd period - Off-side.
14:16 of 3rd period - Wacey Hamilton wins face-off versus Phillip Danault in neutral zone.
14:29 of 3rd period - Wrist shot by Matt Watkins.
14:29 of 3rd period - Shot Blocked by Danny Syvret.
14:31 of 3rd period - Snap shot by Matt Lowry.
14:31 of 3rd period - Shot Misses the Net.
14:33 of 3rd period - Slapshot by Austin Madaisky.
14:33 of 3rd period - Stopped by John Curry without a rebound.
14:34 of 3rd period - Travis Oleksuk wins face-off versus Matt Lowry in Crunch zone.
15:22 of 3rd period - Phillip Danault is hit by Matt Watkins and loses puck.
15:43 of 3rd period - Slapshot by Austin Madaisky.
15:43 of 3rd period - Shot Blocked by Chad Billins.
15:57 of 3rd period - Penalty to Karl Stollery is over, Karl Stollery is back on ice.
16:07 of 3rd period - Wrist shot by Wacey Hamilton.
16:07 of 3rd period - Shot Misses the Net.
16:09 of 3rd period - Slapshot by Jamie Oleksiak.
16:09 of 3rd period - Deflect By Vinny Saponari.
16:09 of 3rd period - Shot Misses the Net.
16:09 of 3rd period - Puck is out of play.
16:10 of 3rd period - Ryan Strome wins face-off versus Wacey Hamilton in Crunch zone.
17:05 of 3rd period - Icing by Austin Madaisky.
17:06 of 3rd period - Matt Lowry wins face-off versus Corban Knight in Stars zone.
18:04 of 3rd period - Slapshot by Spencer Machacek.
18:04 of 3rd period - Stopped by John Curry with a rebound.
18:10 of 3rd period - Wrist shot by Spencer Machacek.
18:10 of 3rd period - Shot Misses the Net.
18:30 of 3rd period - Wrist shot by Ryan Strome.
18:30 of 3rd period - Stopped by Hannu Toivonen with a rebound.
18:32 of 3rd period - Backhand shot by Chad Billins.
18:32 of 3rd period - Shot Misses the Net.
18:34 of 3rd period - Slapshot by Chad Billins.
18:34 of 3rd period - Shot Blocked by Carlo Colaiacovo.
18:52 of 3rd period - Snap shot by Ryan Strome.
18:52 of 3rd period - Stopped by Hannu Toivonen without a rebound.
18:53 of 3rd period - Spencer Machacek wins face-off versus Travis Oleksuk in Stars zone.
19:35 of 3rd period - Icing by Anton Zlobin.
19:36 of 3rd period - Travis Oleksuk wins face-off versus Wacey Hamilton in Crunch zone.
19:49 of 3rd period - Carter Bancks is hit by Corban Knight and loses puck.
19:56 of 3rd period - Jamie Oleksiak is hit by Nick Jensen and loses puck.
Goals for this period are 0 for Stars vs 1 for Crunch.
Shots for this period are 8 for Stars vs 11 for Crunch.


Output by the SimonT Hockey Simulator (STHS) for Eric Dolegowski -- Original Page W3C XHTML 1.0 Valid
Hockey Simulator - Hockey Simulation - Hockey Manager